 Dungeon Crawl Stone Soup version 0.23.2 (webtiles) character file.

Game seed: 3960638742305130215

170 Kairos the Skirmisher (level 5, 39/42 HPs)
             Began as a Formicid Abyssal Knight on Apr 9, 2019.
             Was a Priest of Lugonu.
             Quit the game on level 3 of the Dungeon.
             The game lasted 00:03:38 (2892 turns).

Kairos the Skirmisher (Formicid Abyssal Knight)     Turns: 2892, Time: 00:03:38

Health: 39/42      AC: 10    Str: 15 (17) XL:     5   Next: 80%
Magic:  6/6        EV: 11    Int: 11 (12) God:    Lugonu [***...]
Gold:   154        SH:  0    Dex:  7 (10) Spells: 4/4 levels left

rFire    + + .     SeeInvis +   a - +1 hand axe
rCold    x . .     Gourm    .   (no shield)
rNeg     . . .     Faith    .   l - +0 ring mail {rF+}
rPois    .         Spirit   .   (helmet unavailable)
rElec    .         Reflect  .   h - +2 cloak
rCorr    .         Harm     .   o - +0 pair of gloves
MR       .....                  (no boots)
Stlth    +.........             e - amulet of magic regeneration
HPRegen  0.14/turn              j - ring of stealth
MPRegen  0.35/turn              r - ring of fire

@: no status effects
A: permanent stasis, dig shafts and tunnels, four strong arms, antennae 3
a: Dig, Shaft Self, Depart the Abyss, Bend Space, Banish, Renounce Religion


You were on level 3 of the Dungeon.
You worshipped Lugonu.
Lugonu was most pleased with you.
You were hungry.

You visited 1 branch of the dungeon, and saw 3 of its levels.
You visited the Abyss 1 time.

You collected 154 gold pieces.

Inventory:

Hand Weapons
 a - a +1 hand axe (weapon)
Armour
 b - a +0 leather armour
 h - a +2 cloak (worn)
 l - a +0 ring mail of fire resistance (worn)
 o - a +0 pair of gloves (worn)
Jewellery
 e - an amulet of magic regeneration (around neck)
 j - a ring of stealth (left hand)
 r - a ring of fire (right hand)
Scrolls
 d - a scroll of teleportation
 f - 2 scrolls of remove curse
 g - 4 scrolls of amnesia
 k - a scroll of enchant armour {unknown}
 n - a scroll of enchant weapon {unknown}
 q - a scroll of fear {unknown}
Potions
 m - a potion of berserk rage
 p - a potion of brilliance
 t - 2 potions of agility
Comestibles
 c - 7 rations


   Skills:
 + Level 4.2 Fighting
 + Level 3.4 Axes
 + Level 3.2 Armour
 + Level 2.2 Dodging
 + Level 2.5 Invocations


You had 4 spell levels left.
You didn't know any spells.
Your spell library was empty.

Dungeon Overview and Level Annotations

Branches:
Dungeon (3/15)

Altars:
Cheibriados
Elyvilon
Trog


Innate Abilities, Weirdness & Mutations

You cannot be hasted, slowed, berserked, paralysed or teleported.
You can dig through walls and to a lower floor.
Your four strong arms can wield two-handed weapons with a shield.
You have a pair of large antennae on your head. (SInv)


Message History

Done exploring.
Key pressed, stopping explore.
Unknown command.
Done exploring.
No target in view!
As you read the scroll labeled LET XAUGEFIE, it crumbles to dust.
The air around you briefly surges with heat, but it dissipates.
It was a scroll of immolation.
Unknown command.
As you read the scroll labeled RUTSUA LEHAOKH, it crumbles to dust.
It is a scroll of identify.
p - a potion of brilliance
As you read the scroll of identify, it crumbles to dust.
t - 2 potions of agility
As you read the scroll of identify, it crumbles to dust.
d - a scroll of teleportation It was a potion of degeneration.
There was something very wrong with that liquid.
You feel weakened.
You feel dopey.
You feel clumsy.
Are you sure you want to abandon this character and quit the game? (Confirm with "yes".)

### ########## ##..
#........# ##...
#........# #....
#........# #.... #
#........# #######. ##
#.(......# #...†.## .#
##........############.#
.##
#......@......##^#####'#
..#
#.##############.......#
#.## #.# #..._...# #..#
#.# ##.....## ##.# #[#
##...##) #.# #####.#
#######..).† #(###.....#
#.....#.....
##.....#####
##......##.. #....###
###.##......#


There were no monsters in sight!

Vanquished Creatures
  An orc priest (D:3)
  Robin (D:2)
  5 adders
  An ooze (D:2)
  2 worms
  A dart slug (D:1)
  A leopard gecko (D:3)
  3 orcs (D:3)
  A ball python (D:2)
  2 giant cockroaches (D:1)
  15 goblins
  10 hobgoblins
  A quokka (D:2)
  5 bats
  7 frilled lizards
  7 kobolds
  8 rats
71 creatures vanquished.

Vanquished Creatures (others)
  A starspawn tentacle (Abyss:1)
1 creature vanquished.

Grand Total: 72 creatures vanquished

Notes
Turn   | Place    | Note
-------+----------+-------------------------------------------
     0 | Abyss:1  | Kairos the Formicid Abyssal Knight began the quest for the
                  | Orb.
     0 | Abyss:1  | Reached XP level 1. HP: 18/18 MP: 2/2
    31 | Abyss:1  | Found a corrupted altar of Lugonu.
    74 | Abyss:1  | Noticed a jumping spider
    84 | Abyss:1  | Noticed a tentacled starspawn
    87 | D:1      | Escaped the Abyss
   628 | D:1      | Reached XP level 2. HP: 18/24 MP: 3/3
   670 | D:1      | Reached * piety under Lugonu
   708 | D:1      | Reached skill level 1 in Dodging
   906 | D:1      | Reached XP level 3. HP: 26/30 MP: 4/4
   932 | D:1      | Found a snail-covered altar of Cheibriados.
  1230 | D:2      | Found a white marble altar of Elyvilon.
  1330 | D:2      | Reached skill level 4 in Fighting
  1358 | D:2      | Reached XP level 4. HP: 8/37 MP: 5/5
  1843 | D:2      | Reached ** piety under Lugonu
  2141 | D:2      | Noticed Robin
  2166 | D:2      | Killed Robin
  2464 | D:3      | Found a bloodstained altar of Trog.
  2471 | D:3      | Reached XP level 5. HP: 42/42 MP: 6/6
  2881 | D:3      | Reached *** piety under Lugonu
  2892 | D:3      | Quit the game

Skill      XL: |  1  2  3  4  5 |
---------------+----------------+-----
Dodging        | 1 2 |  2.2
Fighting       | 4 |  4.2
Armour         | 3 |  3.2
Axes           | 3 |  3.4
Invocations    | |  2.5

Action                   |  1- 3 |  4- 6 || total
-------------------------+-------+-------++-------
Melee: Hand axe          |    91 |   146 ||   237
Invok: Depart the Abyss  |     1 |       ||     1
  Use: Scroll            |     2 |     4 ||     6
       Potion            |       |     1 ||     1
 Stab: Distracted        |     1 |       ||     1
  Eat: Chunk             |     1 |     5 ||     6
Armor: Leather armour    |    35 |       ||    35
       Ring mail         |    18 |    65 ||    83
Dodge: Dodged            |    66 |   102 ||   168
